 Dungeon Crawl Stone Soup version 0.29.1-15-g9cfb28693d (webtiles) character file.

Game seed: 7416608533189570979

16295 MacCMillion the Grappler (level 12, -3/120 HPs)
             Began as a Troll Fighter on Feb 22, 2023.
             Was a Priest of Wu Jian.
             Slain by a cane toad (10 damage)
             ... on level 2 of the Lair of Beasts.
             The game lasted 00:21:12 (11266 turns).

MacCMillion the Grappler (Troll Fighter)           Turns: 11266, Time: 00:21:13

Health: -3/120     AC: 20    Str: 30    XL:     12   Next: 8%
Magic:  11/11      EV: 14    Int:  3    God:    Wu Jian [***...]
Gold:   366        SH:  9    Dex:  9    Spells: 11/11 levels left

rFire   x x .      SeeInvis +     - Unarmed
rCold   x x .      Faith    .   b - +0 kite shield
rNeg    . . .      Spirit   .   K - +0 steam dragon scales
rPois   +          Reflect  .   (helmet restricted)
rElec   .          Harm     .   l - +0 cloak
rCorr   .          Rampage  .   (gloves unavailable)
Will    .....                   (boots unavailable)
Stlth   +.........              R - amulet of Elemental Vulnerability {rPois rF-- rC-- AC+8}
HPRegen 1.10/turn               r - +4 ring of protection
MPRegen 0.12/turn               E - ring of Riotik {EV+4 Str+3 Int-5 Slay+4 SInv}

@: slowed, studying Polearms, very slow
A: large, unfitting armour, claws 3, regeneration 1, shaggy fur 1, tough skin 1
a: Renounce Religion, Wall Jump, Serpent's Lash


You were on level 2 of the Lair of Beasts.
You worshipped Wu Jian.
Wu Jian was most pleased with you.
You visited 3 branches of the dungeon, and saw 14 of its levels.
You also visited: Ossuary.

You collected 564 gold pieces.
You spent 198 gold pieces at shops.

Inventory:

Missiles
 S - a throwing net (quivered)
Armour
 a - a +0 robe
 b - a +0 kite shield (worn)
 l - a +0 cloak (worn)
 C - a +0 robe of cold resistance
 K - +0 steam dragon scales (worn)
Jewellery
 p - a ring of protection from fire
 r - a +4 ring of protection (left claw)
 s - a ring of fire
 u - a ring of positive energy
 E - the ring of Riotik (right claw) {EV+4 Str+3 Int-5 Slay+4 SInv}
   (You found it on level 6 of the Dungeon)

   [ring of evasion]

   EV:        It affects your evasion (+4).
   Str:       It affects your strength (+3).
   Int:       It affects your intelligence (-5).
   Slay:      It affects your accuracy & damage with ranged weapons and melee
   (+4).
   SInv:      It lets you see invisible.
 N - a +6 ring of dexterity
 P - a +6 ring of dexterity
 R - the amulet of Elemental Vulnerability (around neck) {rPois rF-- rC-- AC+8}
   (You found it on level 11 of the Dungeon)

   [amulet of nothing]

   AC:        It affects your AC (+8).
   rF:        It makes you very vulnerable to fire.
   rC:        It makes you very vulnerable to cold.
   rPois:     It protects you from poison.
Wands
 m - a wand of light (15)
 H - a wand of charming (13)
 I - a wand of iceblast (7)
Scrolls
 e - 4 scrolls of vulnerability
 g - 5 scrolls of immolation
 i - 8 scrolls of teleportation
 j - 3 scrolls of torment
 o - a scroll of silence
 q - a scroll of fear
 x - a scroll of noise
 F - a scroll of amnesia
 G - 2 scrolls of poison
 L - a scroll of enchant armour
 O - a scroll of magic mapping {unknown}
 Q - a scroll of fog {unknown}
Potions
 c - 2 potions of might
 d - 6 potions of curing
 f - 2 potions of invisibility
 h - 4 potions of flight
 k - 6 potions of degeneration
 n - 3 potions of brilliance
 t - a potion of berserk rage
 v - 3 potions of lignification
 w - 4 potions of heal wounds
 z - 5 potions of resistance
 A - a potion of mutation {unknown}
 B - 4 potions of haste
 D - a potion of magic {unknown}
 J - 2 potions of cancellation
 M - a potion of attraction {unknown}


   Skills:
 + Level 8.3 Fighting
 + Level 6.5 Dodging
 + Level 9.0 Shields
 * Level 13.3 Unarmed Combat


You had 11 spell levels left.
You didn't know any spells.
Your spell library contained the following spells:

 Spells                   Type           Power      Damage    Failure   Level
 Necrotise                Necr           0%         1d4       75%         1
 Slow                     Hex            0%         N/A       75%         1
 Confusing Touch          Hex            0%         N/A       98%         3
 Dazzling Flash           Conj/Hex       0%         N/A       98%         3
 Gell's Gravitas          Tloc           0%         N/A       98%         3
 Ignite Poison            Fire/Tmut/Pois 0%         N/A       98%         3
 Mephitic Cloud           Conj/Pois/Air  0%         N/A       98%         3
 Portal Projectile        Hex/Tloc       0%         N/A       98%         3
 Teleport Other           Tloc           0%         N/A       98%         3
 Tukima's Dance           Hex            0%         N/A       98%         3
 Vampiric Draining        Necr           0%         2d6       98%         3
 Airstrike                Air            0%         2d(0-16)  100%        4
 Iskenderun's Mystic Bla  Conj/Tloc      0%         2d3       100%        4
 Summon Lightning Spire   Summ/Air       0%         N/A       100%        4
 Agony                    Necr           0%         N/A       100%        5
 Blade Hands              Tmut           0%         N/A       100%        5
 Freezing Cloud           Conj/Ice/Air   0%         6-21      100%        5
 Lightning Bolt           Conj/Air       0%         1d11      100%        5
 Yara's Violent Unravell  Hex/Tmut       0%         3d3       100%        5
 Dispersal                Tloc           0%         N/A       100%        6
 Starburst                Conj/Fire      0%         6d3       100%        6
 Enfeeble                 Hex            0%         N/A       100%        7
 Lehudib's Crystal Spear  Conj/Erth      0%         10d2      100%        8


Dungeon Overview and Level Annotations

Branches:
Dungeon (11/15)            Temple (1/1) D:6            Lair (2/5) D:10
Ossuary (visited)
  Swamp: Lair:2-3    Shoals: Lair:2-3     Snake: Lair:2-3    Spider: Lair:2-3
    Orc: D:9-12

Altars:
Ashenzari
Cheibriados
Dithmenos
Elyvilon
Fedhas
Gozag
Hepliaklqana
Kikubaaqudgha
Makhleb
Nemelex Xobeh
Okawaru
Qazlal
Ru
Sif Muna
Trog
Uskayaw
Vehumet
Wu Jian
Xom
Yredelemnul
Zin
The Shining One

Shops:
D:6 !   D:11 (

Annotations:
D:7 2 runed translucent doors, beigtais's ghost, novice SpAM
D:9 2 transporters
Lair:1 1 runed translucent door, kalagan's ghost, journeyman DECj


Innate Abilities, Weirdness & Mutations

You are too large for most types of armour.
You have claws for hands.
Your natural rate of healing is unusually fast.
You are covered in fur. (AC +1)
You have tough skin. (AC +1)


Message History

You see here a swamp worm corpse.
The bog body points at you and mumbles some strange words.
You feel yourself slow down.
Found a potion of haste.
A cane toad comes into view.
You hear the brisk rumble of a distant avalanche of rocks.
The cane toad croaks.
The bog body gestures at you while chanting.
You resist with significant effort.
The cane toad stings you but does no damage.
You scratch the bog body.
The bog body is lightly damaged.
You block the cane toad's attack.
The bog body points at you and mumbles some strange words.
The bolt of cold hits you!!!
You feel a terrible chill!
You spin and attack the bog body.
You closely miss the bog body.
The bog body is lightly damaged.
You spin and attack the cane toad.
You claw the cane toad!
The cane toad is moderately wounded.
The cane toad stings you but does no damage.
You block the bog body's attack.
The cane toad stings you but does no damage.
You claw the bog body!
The bog body is moderately damaged.
You block the bog body's attack. The cane toad stings you!
The bog body points at you and mumbles some strange words.
The bolt of cold hits you!!!
You feel a terrible chill!
* * * LOW HITPOINT WARNING * * *
Unknown command.
Okay, then.
Read: scroll of fear
Press: ? - help, Dir - look around, f - activate Look: a bog body (moderately damaged, not susceptible)
Okay, then.
Unknown command.
As you read the scroll of summoning, it crumbles to dust.
Wisps of shadow whirl around you... You block the cane toad's attack.
The bog body touches you but does no damage.
The cane toad stings you!
You die...

.................................
....#.#.###.####.#P#.#..######.PP
.....#### ### ########## ####
....## ###### ### ##
.....###.#..###.##.#####.
.....!.......Y...........
♣♣♣♣♣...†.......w.....!..
♣♣♣♣♣♣.....n.Y...Y...
~~≈~♣♣♣.Yk.@FY......
♣.....†.....YY.....
...♣...⌠............
~~~~♣♣♣............. ♣♣♣
............... ..#...#.###P####
.#.###### ## ##


You could see a bog body (ally target), a cane toad (ally target), a friendly
torpor snail (summoned), 7 friendly yaks and a friendly rime drake (summoned).

Vanquished Creatures
  2 hydras (Lair:1)
  A two-headed ogre (D:11)
  A gargoyle (D:10)
  3 cane toads (Lair:1)
  4 komodo dragons
  5 rime drakes
  2 kobold demonologists (D:9)
  2 trolls (D:10)
  Prince Ribbit (D:7)
  A hornet (D:8)
  A shadow (D:11)
  A centaur simulacrum (D:10)
  10 yaks
  4 wyverns
  A vampire (D:7)
  A basilisk (Lair:2)
  Grum (Lair:1)
  Menkaure (D:5)
  4 steam dragons
  A swamp worm (Lair:2)
  8 water moccasins
  Edmund (D:5)
  3 acid dragons
  2 sky beasts
  4 orc warriors
  An ice beast (D:10)
  2 ogres
  8 wolves
  4 centaurs
  2 phantoms
  3 kobold brigands
  2 scorpions
  2 necrophages
  7 bullfrogs
  5 water moccasin zombies (Ossuary)
  8 wights
  3 killer bees (D:11)
  4 howler monkeys
  2 electric eels (D:10)
  3 hounds
  8 orc priests
  2 jellies
  2 iguanas
  Ijyb (D:5)
  Natasha (thrice) (D:2)
  7 orc wizards
  2 mummies (Ossuary)
  5 gnolls
  12 adders
  2 white imps
  A howler monkey simulacrum (D:10)
  2 ufetubi
  5 adder zombies (Ossuary)
  3 dart slugs
  18 orcs
  13 ball pythons
  5 bats
  6 endoplasms
  2 giant cockroaches (D:3)
  8 goblins
  7 hobgoblins
  9 jackals
  A quokka (D:4)
  6 frilled lizards
  7 gnoll zombies (Ossuary)
  2 goblin zombies (D:6)
  3 hobgoblin zombies (Ossuary)
  15 kobolds
  A kobold zombie (Ossuary)
  6 orc zombies (Ossuary)
  7 rats
292 creatures vanquished.

Vanquished Creatures (others)
  A fungus (Lair:1)
  2 plants (Lair:1)
3 creatures vanquished.

Grand Total: 295 creatures vanquished

Notes
Turn   | Place    | Note
-------+----------+-------------------------------------------
     0 | D:1      | MacCMillion the Troll Fighter began the quest for the Orb.
     0 | D:1      | Reached XP level 1. HP: 22/22 MP: 0/0
   134 | D:1      | Reached XP level 2. HP: 29/29 MP: 1/1
  1012 | D:2      | Noticed Natasha
  1021 | D:2      | Killed Natasha
  1022 | D:2      | Reached skill level 3 in Unarmed Combat
  1022 | D:2      | Reached XP level 3. HP: 25/36 MP: 2/2
  1039 | D:2      | Reached XP level 4. HP: 44/44 MP: 3/3
  1105 | D:2      | Noticed Natasha
  1111 | D:2      | Killed Natasha
  1421 | D:2      | Noticed Natasha
  1500 | D:2      | Found a faded altar of an unknown god.
  1561 | D:2      | Killed Natasha
  1562 | D:2      | Reached skill level 4 in Unarmed Combat
  1562 | D:2      | Reached XP level 5. HP: 43/53 MP: 4/4
  1813 | D:3      | Found a burning altar of Makhleb.
  2369 | D:4      | Reached XP level 6. HP: 59/61 MP: 5/5
  2428 | D:4      | Reached skill level 5 in Unarmed Combat
  2694 | D:4      | You fall into a shaft and drop 2 floors!
  2695 | D:6      | Found a sparkling altar of Nemelex Xobeh.
  2720 | D:6      | Reached XP level 7. HP: 66/68 MP: 6/6
  2763 | D:6      | Found Zamasexta's Distillery.
  2769 | D:6      | Bought a potion of lignification for 33 gold pieces
  2769 | D:6      | Bought a potion of heal wounds for 55 gold pieces
  2813 | D:6      | Found a sand-covered staircase.
  2821 | Ossuary  | Entered an ossuary
  2841 | Ossuary  | Reached skill level 6 in Unarmed Combat
  3089 | D:6      | Reached skill level 5 in Shields
  3089 | D:6      | Reached XP level 8. HP: 79/79 MP: 7/7
  3093 | D:6      | Reached skill level 7 in Unarmed Combat
  3108 | D:5      | Entered Level 5 of the Dungeon
  3316 | D:5      | Noticed Edmund
  3327 | D:5      | Killed Edmund
  3654 | D:5      | Reached skill level 5 in Fighting
  3801 | D:5      | Noticed Ijyb
  3801 | D:5      | Noticed Menkaure
  4065 | D:5      | Killed Ijyb
  4102 | D:5      | Killed Menkaure
  4119 | D:5      | Reached skill level 8 in Unarmed Combat
  4270 | D:6      | Identified the ring of Riotik {EV+4 Str+3 Int-5 Slay+4
                  | SInv}
  4286 | D:6      | Reached XP level 9. HP: 66/88 MP: 8/8
  4425 | D:6      | Found a stormy altar of Qazlal.
  4495 | D:6      | Found a staircase to the Ecumenical Temple.
  4502 | Temple   | Entered the Ecumenical Temple
  4647 | Temple   | Became a worshipper of the Wu Jian Council
  4784 | D:6      | Bought a potion of haste for 110 gold pieces
  4844 | D:7      | Reached skill level 9 in Unarmed Combat
  5379 | D:7      | Noticed Prince Ribbit
  5408 | D:7      | Killed Prince Ribbit
  5673 | D:7      | Found a large runed translucent door.
  5673 | D:7      | Found a large runed translucent door.
  5675 | D:7      | Noticed beigtais's ghost (novice SpAM)
  5907 | D:8      | Reached * piety under Wu Jian
  5998 | D:8      | Reached skill level 10 in Unarmed Combat
  6117 | D:8      | Found a white marble altar of Elyvilon.
  6152 | D:8      | Reached XP level 10. HP: 100/100 MP: 9/9
  6374 | D:8      | Found a blossoming altar of Fedhas.
  6385 | D:8      | Found a shimmering blue altar of Sif Muna.
  6386 | D:8      | Found a glowing silver altar of Zin.
  6387 | D:8      | Found an ancient bone altar of Kikubaaqudgha.
  6707 | D:9      | Found an iron altar of Okawaru.
  6788 | D:9      | Found a transporter.
  6803 | D:9      | Found a transporter.
  7576 | D:10     | Entered Level 10 of the Dungeon
  7581 | D:10     | Reached ** piety under Wu Jian
  7651 | D:10     | Noticed a gargoyle
  7671 | D:10     | Killed a gargoyle
  7912 | D:10     | Reached skill level 11 in Unarmed Combat
  8103 | D:10     | Found a staircase to the Lair.
  8106 | D:10     | Noticed a sixfirhy
  8111 | D:10     | Noticed a smoke demon
  8318 | D:10     | Noticed a rust devil
  8328 | D:9      | Reached skill level 5 in Dodging
  8501 | D:10     | Found a snail-covered altar of Cheibriados.
  8855 | D:11     | Found Quqo's Antique Weapon Shop.
  8859 | D:11     | Reached XP level 11. HP: 109/109 MP: 10/10
  9045 | D:11     | Noticed a two-headed ogre
  9050 | D:11     | Killed a two-headed ogre
  9359 | D:11     | Found a radiant altar of Vehumet.
  9369 | D:11     | Noticed a five-headed hydra
  9369 | D:11     | Found the amulet of Elemental Vulnerability {rPois rF--
                  | rC-- AC+8}
  9653 | Lair:1   | Entered Level 1 of the Lair of Beasts
  9698 | Lair:1   | Got the Exposition on Battling
  9783 | Lair:1   | Noticed a seven-headed hydra
  9809 | Lair:1   | Killed a ten-headed hydra
  9810 | Lair:1   | Reached skill level 12 in Unarmed Combat
 10007 | Lair:1   | Noticed a six-headed hydra
 10010 | Lair:1   | Reached *** piety under Wu Jian
 10020 | Lair:1   | Killed a nine-headed hydra
 10102 | Lair:1   | Found a shimmering blue altar of Sif Muna.
 10446 | Lair:1   | Found a runed translucent door.
 10499 | Lair:1   | Noticed kalagan's ghost (journeyman DECj)
 10571 | Lair:1   | Noticed Grum
 10580 | Lair:1   | Killed Grum
 11022 | Lair:2   | Reached skill level 13 in Unarmed Combat
 11143 | Lair:2   | Reached XP level 12. HP: 103/120 MP: 11/11
 11265 | Lair:2   | HP: 6/120 [bog body/bolt of cold (51)]
 11266 | Lair:2   | Slain by a cane toad

Illustrated notes

Levels and vault maps discovered:
D:1:      kilobyte_arrival_exit_the_forest, layout_loops_cross
D:2:      layout_basic, ebering_ecumenical_altar_box, skrybe_limestone_x,
          uniq_natasha
D:3:      layout_rooms, lightli_temple_of_fire, dk_noncrumbling_2,
          minmay_close_crescents
D:4:      layout_rooms, minmay_manual_mess
D:5:      layout_basic, uniq_edmund, uniq_ijyb, uniq_menkaure
D:6:      layout_rooms, nemelex_xobeh_ov_fountains_minmay,
          mainiacjoe_overflow_surrounded_room, temple_doors_ab, enter_ossuary_4,
          serial_shops, nicolae_square_shop
D:7:      layout_basic, ebering_ghost_disaster_area, uniq_prince_ribbit1
D:8:      layout_basic, elyvilon_altar_5, old_standard_altar,
          chequers_temple_overflow_statue_of_worship
D:9:      gammafunk_steamed_eel, layout_basic, mainiacjoe_overflow_paths
D:10:     layout_roguey, cheibriados_altar_1, lair_entry_dummy, serial_ice,
          serial_ice_n, serial_ice_o, serial_ice_l, serial_ice_f
D:11:     layout_loops_ring, orc_0_dummy, serial_shops, shop,
          nicolae_vehumet_altar_sigil
Temple:   nicolae_temple_godzebo
Lair:1:   layout_cave_pods, ebering_ghost_inner_flame, basic_altar, uniq_grum
Lair:2:   layout_big_grid, nicolae_swamp_entry_splash_gauntlet,
          nicolae_volcano_entry_batcave, infiniplex_staircase_pool_2

Skill      XL: |  1  2  3  4  5  6  7  8  9 10 11 12 |
---------------+-------------------------------------+-----
Shields        | 3 4 5 6 7 8 9 |  9.0
Unarmed Combat | 3 4 5 6 8 10 11 13 | 13.3
Fighting       | 3 4 5 6 7 8 |  8.3
Dodging        | 3 5 6 |  6.5

Action                   |  1- 3 |  4- 6 |  7- 9 | 10-12 || total
-------------------------+-------+-------+-------+-------++-------
Melee: Unarmed           |    61 |   186 |   309 |   332 ||   888
Invok: Lunge             |       |       |     6 |    36 ||    42
       Whirlwind         |       |       |     1 |    52 ||    53
       Serpent's Lash    |       |       |       |     1 ||     1
 Abil: Wall Jump         |       |       |       |     1 ||     1
Evoke: Wand              |       |       |     1 |     6 ||     7
  Use: Scroll            |       |       |    11 |     9 ||    20
       Potion            |       |       |       |     1 ||     1
 Stab: Sleeping          |     1 |     1 |       |     1 ||     3
       Invisible         |       |       |       |     1 ||     1
Armor: Robe              |    22 |    72 |   106 |       ||   200
       Steam dragon scal |       |       |       |    70 ||    70
Dodge: Dodged            |    26 |    56 |    93 |   146 ||   321
Block: Kite shield       |    25 |    66 |    89 |   112 ||   292
